 Dungeon Crawl Stone Soup version 0.29-a0-1065-g47a6bb87d6 (console) character file.

Game seed: 3521109782538671586

4223 odiv the Thaumaturge (level 10, -7/72 HPs)
             Began as a Djinni Warper on Aug 19, 2022.
             Was a Follower of Makhleb.
             Killed by divine providence
             ... invoked by an orc priest
              (16 damage)
             ... on level 9 of the Dungeon on Aug 20, 2022.
             The game lasted 00:30:59 (6594 turns).

odiv the Thaumaturge (Djinni Warper)                Turns: 6594, Time: 00:31:00

Health: -7/72      AC:  9    Str: 10    XL:     10   Next: 55%
Gold:   455        EV: 14    Int: 20    God:    Makhleb [*.....] SH:  0 Dex: 12

rFire   + + +      SeeInvis .   C - +2 dagger (elec)
rCold   x x .      Faith    .   (no shield)
rNeg    . . .      Spirit   .   r - +0 troll leather armour {Pargi}
rPois   ∞          Reflect  .   (no helmet)
rElec   .          Harm     .   (no cloak)
rCorr   .          Rampage  .   m - +0 pair of gloves
Will    +....                   (boots unavailable)
Stlth   +.........              (no amulet)
HPRegen 1.02/turn               t - +4 ring of protection
MPRegen 0.00/turn               E - ring of fire

@: flying
A: sickness immunity, fire resistance 2, cold vulnerability 1, float, innate
caster, HP casting, extra vitality 1
a: Renounce Religion


You were on level 9 of the Dungeon.
You worshipped Makhleb.
Makhleb was aware of your devotion.
You visited 2 branches of the dungeon, and saw 10 of its levels.

You collected 455 gold pieces.

Inventory:

Hand Weapons
 a - a +2 vorpal spear
 g - a +4 whip
 C - a +2 dagger of electrocution (weapon)
 H - a +0 shortbow
Missiles
 d - 7 boomerangs of dispersal
 h - 38 stones
 n - 5 boomerangs
 u - 3 javelins
 A - 9 poisoned darts (quivered)
 D - 4 curare-tipped darts
Armour
 b - a +0 leather armour
 m - a +0 pair of gloves (worn)
 r - a +0 troll leather armour (worn) {Pargi}
Magical Staves
 B - a staff of cold
Jewellery
 t - a +4 ring of protection (left hand)
 E - a ring of fire (right hand)
 J - a ring of wizardry
Wands
 f - a wand of polymorph (12)
 q - a wand of digging (12)
 G - a wand of flame (20)
 K - a wand of light (4)
Scrolls
 c - 4 scrolls of blinking
 e - 2 scrolls of identify
 j - a scroll of teleportation
 k - 4 scrolls of vulnerability
 o - a scroll of fog {unknown}
 w - a scroll of enchant weapon {unknown}
 x - a scroll of poison {unknown}
 y - a scroll of summoning
Potions
 i - 3 potions of mutation
 l - 5 potions of curing
 s - a potion of attraction {unknown}
 v - a potion of haste {unknown}
 z - a potion of magic {unknown}
 F - a potion of cancellation
 I - a potion of lignification {unknown}


   Skills:
 - Level 6.0 Fighting
 - Level 1.5 Polearms
 - Level 0.7 Throwing
 - Level 1.0 Armour
 + Level 7.9 Dodging
 + Level 8.5 Spellcasting
 + Level 4.6 Invocations


You couldn't memorise any spells.
You knew the following spells:

 Your Spells              Type           Power      Damage    Failure   Level
a - Lesser Beckoning      Tloc           42%        N/A       1%          3
b - Blink                 Tloc           84%        N/A       1%          2
c - Gell's Gravitas       Tloc           42%        N/A       1%          3
d - Teleport Other        Tloc           42%        N/A       1%          3
e - Manifold Assault      Tloc           42%        N/A       9%          5
f - Searing Ray           Conj           84%        2d7       1%          2
g - Call Canine Familiar  Summ           42%        N/A       1%          3
h - Petrify               Tmut/Erth      42%        N/A       3%          4
n - Necrotise             Necr           100%       1d9       1%          1
Your spell library was empty.

Dungeon Overview and Level Annotations

Branches:
Dungeon (9/15)             Temple (1/1) D:5
   Lair: D:8-11         Orc: D:9-12

Altars:
Ashenzari
Cheibriados
Dithmenos
Elyvilon
Fedhas
Hepliaklqana
Makhleb
Nemelex Xobeh
Ru
Trog

Annotations:
D:5 Menkaure, Prince Ribbit


Innate Abilities, Weirdness & Mutations

You are immune to sickness and miasma.
You are immune to poison.
Your flesh is very heat resistant. (rF++)
You are vulnerable to cold. (rC-)
You float through the air rather than walking.
You learn spells naturally, not from books.
Your magical power is your life essence.
You have superior vitality. (+4 MHP)


Message History

Okay, then.
As you read the scroll of teleportation, it crumbles to dust.
You feel strangely unstable. The tengu warrior barely misses you.
The tengu warrior completely misses you.
The tengu warrior claws you but does no damage.
Casting: Searing Ray (safe; 1% risk of failure)
Confirm with . or Enter, or press ? or * to list all spells.
Okay, then.
Unknown command.
Okay, then.
Press: ? - help, v - describe, . - travel, g - get item
Here: a tengu warrior, wielding a +0 great mace and wearing a +0 ring mail (severely wounded) Item here: a +0 battleaxe.
The floor.
Unknown command.
Press: ? - help, v - describe, . - travel, g - get item
Here: a tengu warrior, wielding a +0 great mace and wearing a +0 ring mail (severely wounded) Item here: a +0 battleaxe.
The floor.
Unknown command.
You hit the tengu warrior.
The tengu warrior is severely wounded.
The tengu warrior closely misses you. The tengu warrior barely misses you. x2
You closely miss the tengu warrior.
The tengu warrior is severely wounded.
The tengu warrior hits you with a +0 great mace!
* * * LOW HITPOINT WARNING * * *
The tengu warrior pecks you but does no damage.
The tengu warrior claws you but does no damage.
You miss the tengu warrior.
The tengu warrior is severely wounded.
The tengu warrior hits you with a +0 great mace.
* * * LOW HITPOINT WARNING * * *
The tengu warrior pecks you but does no damage.
The tengu warrior claws you but does no damage.
Your surroundings suddenly seem different.
The orc priest shouts!
The orc priest mumbles some strange prayers to Beogh against you.
Beogh smites you!
You die...

#######
###########.......#
..................#
......{....o......#
......o<..........#
..................#####
########+##...........#
#...........#
#.....@.....#
#...........#
#############


You could see an orc priest.

Vanquished Creatures
  A deep elf pyromancer (D:9)
  A kobold demonologist (D:9)
  A yaktaur (shapeshifter) (D:9)
  A vampire (D:9)
  Grum (D:8)
  A steam dragon (D:8)
  Edmund (D:5)
  A water moccasin (D:5)
  Pargi (D:3)
  A sky beast (D:7)
  An orc warrior (D:4)
  3 ice beasts
  3 black bears
  2 wolves (D:8)
  2 ogres
  3 centaurs
  A kobold brigand (D:8)
  A necrophage (D:7)
  3 wights (D:8)
  5 killer bees (D:9)
  2 howler monkeys (D:8)
  A hound (D:7)
  A jelly (D:7)
  2 orc priests
  2 iguanas
  Jessica (D:3)
  10 orc wizards
  A mummy (D:7)
  7 gnolls
  A shadow imp (D:8)
  A worm (D:4)
  2 dart slugs
  17 orcs
  9 ball pythons
  5 endoplasms
  3 goblins
  3 hobgoblins
  5 kobolds
  2 quokkas
  2 bats (D:1)
  4 frilled lizards
  3 rats
118 creatures vanquished.

Vanquished Creatures (collateral kills)
  A wight (D:8)
  An orc priest (D:7)
  An orc (D:3)
  A goblin (D:3)
4 creatures vanquished.

Vanquished Creatures (others)
  4 plants (D:3)
4 creatures vanquished.

Grand Total: 126 creatures vanquished

Notes
Turn   | Place    | Note
-------+----------+-------------------------------------------
     0 | D:1      | odiv the Djinni Warper began the quest for the Orb.
     0 | D:1      | odiv set off with the following spells memorised: Blink,
                  | Lesser Beckoning, Gell's Gravitas, Teleport Other, Manifold
                  | Assault.
     0 | D:1      | Reached XP level 1. HP: 18/18 MP: 0/0
   259 | D:1      | Reached XP level 2. HP: 22/23 MP: 0/0
   483 | D:1      | Found a faded altar of an unknown god.
   498 | D:1      | Reached skill level 3 in Spellcasting
   820 | D:1      | Reached XP level 3. HP: 28/28 MP: 0/0
   820 | D:1      | Learned a level 1 spell: Necrotise
   919 | D:2      | Found a shadowy altar of Dithmenos.
  1563 | D:3      | Noticed Jessica
  1575 | D:3      | Killed Jessica
  1576 | D:3      | Reached XP level 4. HP: 11/33 MP: 0/0
  2109 | D:3      | Noticed Pargi
  2155 | D:3      | Killed Pargi
  2156 | D:3      | Reached skill level 4 in Spellcasting
  2156 | D:3      | Reached XP level 5. HP: 31/38 MP: 0/0
  2156 | D:3      | Learned a level 2 spell: Searing Ray
  2330 | D:3      | Found a bloodstained altar of Trog.
  2516 | D:4      | Noticed an orc warrior
  2517 | D:4      | Reached XP level 6. HP: 43/43 MP: 0/0
  2523 | D:4      | Reached skill level 5 in Spellcasting
  2620 | D:4      | Found a shadowy altar of Dithmenos.
  3035 | D:5      | Entered Level 5 of the Dungeon
  3060 | D:5      | Noticed a black bear
  3070 | D:5      | Killed a black bear
  3071 | D:5      | Reached XP level 7. HP: 42/49 MP: 0/0
  3071 | D:5      | Learned a level 3 spell: Call Canine Familiar
  3080 | D:5      | Noticed Edmund
  3108 | D:5      | Killed Edmund
  3109 | D:5      | Reached skill level 6 in Spellcasting
  3204 | D:5      | Noticed Menkaure
  3688 | D:4      | Reached XP level 8. HP: 56/56 MP: 0/0
  3712 | D:5      | Found a staircase to the Ecumenical Temple.
  3721 | Temple   | Entered the Ecumenical Temple
  3732 | Temple   | Became a worshipper of Makhleb the Destroyer
  3903 | D:5      | Noticed Prince Ribbit
  4046 | D:5      | Found a sparkling altar of Nemelex Xobeh.
  4108 | D:6      | Found a sacrificial altar of Ru.
  4292 | D:7      | Reached skill level 7 in Spellcasting
  4313 | D:7      | Reached XP level 9. HP: 52/64 MP: 0/0
  4313 | D:7      | Learned a level 4 spell: Petrify
  4365 | D:7      | Reached skill level 5 in Fighting
  4472 | D:7      | Found a snail-covered altar of Cheibriados.
  5063 | D:7      | Reached skill level 5 in Dodging
  5254 | D:7      | Found a blossoming altar of Fedhas.
  5754 | D:8      | Reached * piety under Makhleb
  5766 | D:8      | Reached skill level 1 in Invocations
  5838 | D:8      | Noticed Grum
  5856 | D:8      | Killed Grum
  5882 | D:8      | Reached XP level 10. HP: 59/72 MP: 0/0
  5919 | D:8      | Reached skill level 8 in Spellcasting
  6260 | D:9      | Noticed a kobold demonologist
  6266 | D:9      | Killed a kobold demonologist
  6571 | D:9      | Noticed a five-headed hydra
  6571 | D:9      | Noticed a manticore
  6572 | D:9      | Noticed a centaur warrior
  6572 | D:9      | Noticed a tengu warrior
  6572 | D:9      | Noticed a deep elf pyromancer
  6572 | D:9      | Noticed a yaktaur
  6574 | D:9      | Noticed a centaur warrior
  6575 | D:9      | Noticed a deep elf pyromancer
  6576 | D:9      | Noticed a centaur warrior
  6578 | D:9      | Identified the +0 war axe "Coagy" {elec, rElec rN+ Will-
                  | Int+3}
  6578 | D:9      | Noticed a kobold demonologist
  6580 | D:9      | Killed a deep elf pyromancer
  6585 | D:9      | Noticed a white ugly thing
  6585 | D:9      | Killed a yaktaur
  6594 | D:9      | Killed from afar by an orc priest

Illustrated notes

Levels and vault maps discovered:
D:1:      giann_horns, layout_rooms, shapermc_ecumenical_altar_mp_highgroup,
          hex_intersection
D:2:      layout_rooms, basic_altar
D:3:      layout_loops_cross, lightli_temple_of_fire, serial_bayou_lake_a,
          uniq_jessica, uniq_pargi
D:4:      layout_basic, led_sif_book, kennysheep_mini_moat,
          chequers_serial_rivers_micro_e
D:5:      layout_basic, nicolae_overflow_hidden_temple,
          minmay_temple_entry_drinking_statues, grunt_decor_fettered,
          uniq_menkaure, uniq_edmund, uniq_prince_ribbit1
D:6:      layout_cave_pools, dancing_weapons_uskayaw, nicolae_ru_path_of_blood
D:7:      layout_cave_pods, fedhas_bush_and_centaur_altar, slow_altar_1
D:8:      layout_basic, uniq_grum
D:9:      minmay_the_grid_triangle_9x9_recursive_2
          [minmay_the_grid_triangle_9x9_prize_schism,
          minmay_the_grid_triangle_9x9_corrupted_corridor,
          minmay_the_grid_triangle_9x9_odd_lines,
          minmay_the_grid_triangle_9x9_fully_insulated_deathbox],
          layout_gridville, grunt_lair_entry_orc_guard_hut
Temple:   nicolae_temple_god_jail

Skill      XL: |  1  2  3  4  5  6  7  8  9 10 |
---------------+-------------------------------+-----
Spellcasting   | 3 4 5 6 7 8 |  8.5
Fighting       | 3 4 6 |  6.0
Dodging        | 4 6 7 |  7.9
Invocations    | 2 4 |  4.6
Polearms       | |  1.5
Throwing       | |  0.7
Armour         | |  1.0

Action                   |  1- 3 |  4- 6 |  7- 9 | 10-12 || total
-------------------------+-------+-------+-------+-------++-------
Melee: Whip              |    33 |       |       |       ||    33
       Spear             |     9 |    59 |    83 |     7 ||   158
       Punch             |       |       |     1 |       ||     1
       Dagger            |       |       |    28 |    13 ||    41
Throw: Stone             |     2 |     4 |     1 |       ||     7
       Dart              |       |       |     6 |     2 ||     8
       Boomerang         |       |       |     2 |       ||     2
 Cast: Necrotise         |    18 |    50 |   114 |    15 ||   197
       Blink             |       |       |    12 |     1 ||    13
       Searing Ray       |       |       |    13 |    14 ||    27
       Petrify           |       |       |     8 |     2 ||    10
       Manifold Assault  |       |       |     1 |     2 ||     3
       Call Canine Famil |       |       |     1 |     1 ||     2
  Use: Scroll            |       |     4 |     6 |     2 ||    12
       Potion            |       |       |       |     2 ||     2
 Stab: Petrified         |       |       |    26 |     1 ||    27
       Petrifying        |       |       |     1 |     1 ||     2
       Distracted        |       |       |       |     1 ||     1
Armor: Leather armour    |     7 |     4 |       |       ||    11
       Troll leather arm |       |    16 |    80 |    34 ||   130
Dodge: Dodged            |    21 |    14 |    95 |    73 ||   203

Table legend: (Time is in decaauts)
 A = Elapsed time spent in this place.
 B = Non-inter-level travel time spent in this place.
 C = Inter-level travel time spent in this place.
 D = Time resting spent in this place.
 E = Time spent auto-exploring this place.
 F = Levels seen in this place.
 G = Mean time per level.
                   A        B        C        D        E       F      G
               +--------+--------+--------+--------+--------+-----+--------+
         Total |   6604 |   6281 |    323 |    796 |   3628 |  10 |  660.4 |
       Dungeon |   6583 |   6275 |    308 |    796 |   3627 |   9 |  731.4 |
        Temple |     20 |      5 |     15 |      0 |      1 |   1 |   20.0 |
               +--------+--------+--------+--------+--------+-----+--------+

Top non-repeatable levels by time:
     D:7: 1226 daAuts
     D:3: 1189 daAuts
     D:8: 977 daAuts
     D:1: 918 daAuts
     D:4: 875 daAuts
     D:5: 537 daAuts
     D:2: 432 daAuts
     D:9: 251 daAuts
     D:6: 174 daAuts
  Temple: 20 daAuts
